 Dungeon Crawl Stone Soup version 0.21.1-1-g345015f (webtiles) character file.

57 Kairos the Covered (level 4, -3/28 HPs)
             Began as a Gargoyle Fighter on Mar 26, 2018.
             Killed from afar by Natasha (7 damage)
             ... with a magic dart
             ... on level 2 of the Dungeon.
             The game lasted 00:01:21 (768 turns).

Kairos the Covered (Gargoyle Fighter)                Turns: 768, Time: 00:01:22

Health: -3/28      AC: 10    Str: 23    XL:     4   Next: 0%
Magic:  4/4        EV:  7    Int:  8    God:
Gold:   38         SH:  9    Dex:  9    Spells: 3/3 levels left

rFire    . . .     SeeInvis .   a - +0 flail
rCold    . . .     Gourm    .   c - +0 shield
rNeg     + . .     Faith    .   b - +0 scale mail
rPois    ∞         Spirit   .   (no helmet)
rElec    +         Reflect  .   (no cloak)
rCorr    .         Harm     .   (no gloves)
MR       +....                  (no boots)
Stlth    ..........             (no amulet)
HPRegen  0.09/turn              g - +2 ring of strength
MPRegen  0.09/turn              i - ring of protection from magic

@: no status effects
A: negative energy resistance 1, electricity resistance, unbreathing,
petrification resistance, rot immunity, AC +3
a: no special abilities


You were on level 2 of the Dungeon.
You were not hungry.

You visited 1 branch of the dungeon, and saw 2 of its levels.

You collected 38 gold pieces.

Inventory:

Hand Weapons
 a - a +0 flail (weapon)
Armour
 b - a +0 scale mail (worn)
 c - a +0 shield (worn)
Jewellery
 g - a +2 ring of strength (left hand)
 i - a ring of protection from magic (right hand)
Scrolls
 k - a scroll of identify {unknown}
Potions
 d - 3 potions of might
 e - a potion of curing {unknown}
 h - a potion of lignification {unknown}
 j - a potion of degeneration {unknown}
Comestibles
 f - 2 rations


   Skills:
 + Level 3.5 Fighting
 + Level 2.5 Maces & Flails
 + Level 4.4 Armour
 + Level 3.7 Shields


You had 3 spell levels left.
You didn't know any spells.

Dungeon Overview and Level Annotations

Branches:
Dungeon (2/15)

Altars:

Annotations:
D:2 Natasha


Innate Abilities, Weirdness & Mutations

You are resistant to torment.
Your stone body is resilient. (AC +3)
You are immune to poison.
You resist negative energy. (rN+)
You are resistant to electric shocks. (rElec)
You can survive without breathing.
You are immune to petrification.
You are immune to rotting.


Message History

The gnoll hits you but does no damage.
You barely miss the gnoll.
The gnoll is moderately wounded.
The gnoll completely misses you.
You closely miss the gnoll.
The gnoll is moderately wounded.
You block the gnoll's attack.
The gnoll hits you from afar with a halberd of flaming.
* * * LOW HITPOINT WARNING * * *
The gnoll burns you.
* * * LOW HITPOINT WARNING * * *
You block the gnoll's attack.
The gnoll hits you from afar with a spear.
* * * LOW HITPOINT WARNING * * *
A gnoll comes into view. It is wielding a club.
The gnoll shouts!
Natasha, Servant of Life and Death comes into view.
Natasha casts a spell at you. The magic dart hits you!
You die...

#.........#
#.........# .#
#........## .
##.<......#
######.
#..##..####
...#..
###.###### #...#
######...#
#...###......###
##.#.....@#####
#..#.g.##.#
####.gg.####h# #
#.###.....###
#.# ###
......#.### #..
#.. ####.K.# ##.
###
####...########
.#
...............
##
####.##.#######
##


You could see Natasha and 3 gnolls.

Vanquished Creatures
  Natasha (D:2)
  2 adders (D:2)
  A bat (D:1)
  4 goblins
  A hobgoblin (D:1)
  A ball python (D:1)
  A frilled lizard (D:1)
  2 kobolds (D:2)
  3 rats
16 creatures vanquished.

Notes
Turn   | Place    | Note
-------+----------+-------------------------------------------
     0 | D:1      | Kairos the Gargoyle Fighter began the quest for the Orb.
     0 | D:1      | Reached XP level 1. HP: 14/14 MP: 1/1
   198 | D:1      | Reached XP level 2. HP: 19/19 MP: 2/2
   639 | D:2      | Noticed Natasha
   646 | D:2      | Killed Natasha
   646 | D:2      | Reached skill level 4 in Armour
   646 | D:2      | Reached XP level 3. HP: 16/23 MP: 3/3
   710 | D:2      | Reached XP level 4. HP: 18/28 MP: 4/4
   732 | D:2      | HP: 1/28 [gnoll/spear (5)]
   767 | D:2      | Noticed Natasha
   768 | D:2      | Killed from afar by Natasha

Skill      XL: |  1  2 |
---------------+-------+-----
Armour         | 4 |  4.4
Fighting       | |  3.5
Maces & Flails | |  2.5
Shields        | |  3.7

Action                   |  1- 3 |  4- 6 || total
-------------------------+-------+-------++-------
Melee: Flail             |    63 |     9 ||    72
Armor: Scale mail        |    33 |     4 ||    37
Dodge: Dodged            |    22 |     1 ||    23
Block: Shield            |    30 |     4 ||    34
